Cogmind - Beta 14 @@@ ROGUE MODE // 2024.10.10 @ 15:52:17 Player: celerysam Result: Destroyed by G-50 Soldier with Heavy Laser Performance ------------- Evolutions (2) 1000 Regions Visited (5) 1000 Robots Destroyed (39) 195 Value Destroyed (1008) 1008 Prototype IDs (4) 80 Alien Tech Used (0) 0 Bonus (33) 33 TOTAL SCORE: 3316 Bonus ------- Follower Combat Kills 33 Cogmind --------- Core Integrity 0/550 Matter 166/300 Energy 85/100 System Corruption 4% Temperature Cool (9) Movement Flying (35) Location -8/Storage Parts ------- > --- POWER (1) -------- (None) > --- PROPULSION (4) --- VTOL Module > --- UTILITY (4) ------ (None) > --- WEAPON (2) ------- Axe > --- INVENTORY (5) ---- Light Ion Engine Compact Battery (200) Improved Signal Interpreter Enhanced Autogun Flail Peak State ------------ > --- POWER ------------ Improved Ion Engine > --- PROPULSION ------- Improved Treads Flight Unit Flight Unit Flight Unit > --- UTILITY ---------- Improved Heat Sink Advanced Weight Redist. System Hardened Light Armor Plating Hacking Suite > --- WEAPON ----------- Enhanced Autogun Flail > --- INVENTORY -------- Light Ion Engine Compact Battery Seismic Detector Spread Laser Light Cannon [Rating: 24] Favorites ----------- Power Light Nuclear Core Engine Improved Ion Engine Power Core Light Nuclear Core Propulsion Hover Unit Treads Improved Treads Leg Titanium Leg Wheel Compact Wheel Hover Unit Hover Unit Flight Unit Flight Unit Utility Small Storage Unit Device Improved Heat Sink Storage Small Storage Unit Hackware Hacking Suite Protection Hardened Light Armor Plating Weapon Spread Laser Energy Gun Spread Laser Ballistic Gun Assault Rifle Ballistic Cannon Light Cannon Launcher Rocket Launcher Impact Weapon Flail Slashing Weapon Axe Build | -11 -10 -9 -9 -8 -8 ------- Run | Yrd Mat Mat Min Mat Sto Slots Evolved 4 | . . 2 . 2 . Power . | . . . . . . Propulsion 2 | . . 1 . 1 . Utility 2 | . . 1 . 1 . Weapon . | . . . . . . Parts Attached 66 | 5 3 31 2 8 17 Power 6 | 1 . 2 1 1 1 Engine 4 | 1 . . 1 1 1 Core 2 | . . 2 . . . Reactor . | . . . . . . Propulsion 20 | 3 . 10 . 3 4 Treads 5 | 1 . 2 . . 2 Leg 5 | . . 4 . . 1 Wheel 2 | 2 . . . . . Hover 4 | . . 4 . . . Flight 4 | . . . . 3 1 Utility 14 | 1 1 6 . 3 3 Device 10 | . 1 4 . 3 2 Storage 1 | 1 . . . . . Processor . | . . . . . . Hackware 1 | . . . . . 1 Protection 2 | . . 2 . . . Artifact . | . . . . . . Weapon 26 | . 2 13 1 1 9 Energy Gun 13 | . 2 8 . . 3 Energy Cannon . | . . . . . . Ballistic Gun 6 | . . 2 . 1 3 Ballistic Cannon 1 | . . . . . 1 Launcher 2 | . . 1 1 . . Special Weapon . | . . . . . . Impact Weapon 3 | . . 2 . . 1 Slashing Weapon 1 | . . . . . 1 Piercing Weapon . | . . . . . . Special Melee Weapon . | . . . . . . Unidentified Prototypes 4 | . . 1 . . 3 Parts Lost 19 | . . 9 . . 10 Power 2 | . . 1 . . 1 Propulsion 7 | . . 3 . . 4 Utility 7 | . . 4 . . 3 Weapon 3 | . . 1 . . 2 Highest Loss Streak 9 | . . 5 . . 9 To Critical Strikes . | . . . . . . Average Slot Usage (%) 89 | . 89 93 86 87 81 Engine 4 | . 14 . 9 9 8 Core 5 | . . 10 . . . Treads 7 | . . 6 22 9 7 Leg 5 | . . 9 . . 3 Wheel 2 | . 28 . . . . Hover 6 | . . 12 . . . Flight 3 | . . . . 15 13 Device 14 | . 8 13 11 23 19 Storage 8 | . 14 11 11 4 . Hackware 1 | . . . . . 5 Protection 7 | . . 6 11 9 7 Energy Gun 11 | . 23 11 14 9 3 Ballistic Gun 3 | . . 3 . . 7 Launcher 1 | . . . 7 9 . Impact Weapon 3 | . . 6 . . 2 Peak Build Rating 24 | 4 7 20 16 20 24 Average Rating 15 | 3 6 15 15 18 19 On Entrance 10 | . 4 7 14 16 19 Naked Turns 11 | . . . . . 11 Heaviest Build 23 | 10 15 23 21 22 21 Greatest Support 51 | 26 26 51 43 43 32 Greatest Overweight (x) 3 | 3 . 1 . . 1 Average Overweight (x) . | . . . . . . Largest Inventory Capacity 8 | 8 8 8 8 8 5 Average Capacity 7 | 7 8 8 8 6 5 Most Carried 8 | 8 8 8 8 8 5 Average Carried 6 | 4 8 6 7 5 4 Final Capacity 8 | 8 8 8 8 5 5 Final Carried 8 | 8 8 5 8 5 5 Class Distribution -------------------- 72% | Mutant 27% | Scavenger-Mutant Dominant Class ---------------- Mutant | -10/Materials Mutant | -9/Materials Mutant | -9/Mines Scavenger-Mutant | -8/Materials Mutant | -8/Storage Resources | -11 -10 -9 -9 -8 -8 ----------- Run | Yrd Mat Mat Min Mat Sto Matter Collected 903 | 182 88 345 52 . 236 Remotely . | . . . . . . Salvage Created 1117 | . 82 488 55 . 492 Parts 77 | . 4 42 13 . 18 Haulers Intercepted . | . . . . . . Recyclers Shooed . | . . . . . . Parts Field Recycled . | . . . . . . Retrieved Matter . | . . . . . . Parts Self-Destructed . | . . . . . . Prevented . | . . . . . . Kills | -11 -10 -9 -9 -8 -8 ------- Run | Yrd Mat Mat Min Mat Sto Combat Hostiles Destroyed 33 | . 2 17 6 . 8 Guns 24 | . 2 13 2 . 7 Cannons 1 | . . . . . 1 AOE 7 | . . 3 4 . . Classes Destroyed 8 | . 1 5 . . 2 Worker 2 | . . 1 . . 1 Builder 1 | . . 1 . . . Recycler 1 | . . . . . 1 Watcher 2 | . . 2 . . . Swarmer 14 | . . 8 6 . . Grunt 13 | . 2 4 . . 7 Brawler 1 | . . . . . 1 Sentry 5 | . . 5 . . . Best Kill Streak 7 | . 2 7 3 . 5 Combat Bots Only 6 | . 2 6 3 . 5 Max Kills in Single Turn 3 | . 1 3 3 . 2 Gunslinging . | . . . . . . Exploded 3 | . . 2 3 . . Melee . | . . . . . . Uniques/NPCs Destroyed . | . . . . . . Combat | -11 -10 -9 -9 -8 -8 -------- Run | Yrd Mat Mat Min Mat Sto Hostile Shots Fired 319 | . 6 166 17 2 128 Missed 109 | . 2 58 7 . 42 Damage Taken 3024 | . 44 1343 105 65 1467 Core 843 | . . 259 24 . 560 Absorbed by Shields 92 | . . 92 . . . Core Remaining (%) 76 | 100 100 . 29 . . Volleys Fired 96 | . 5 59 7 1 24 Largest 2 | . 2 2 2 2 2 Hottest 130 | . 100 130 110 78 100 Shots Fired 156 | . 10 92 9 2 43 Gun 135 | . 10 87 4 1 33 Cannon 10 | . . . . . 10 Launcher 11 | . . 5 5 1 . Special . | . . . . . . Kinetic 41 | . . 14 . . 27 Thermal 99 | . 10 71 2 . 16 Explosive 11 | . . 5 5 1 . Electromagnetic 5 | . . 2 2 1 . Robot Hit Streak 8 | . 5 8 2 1 7 Robot Miss Streak 10 | . 1 6 10 2 2 Penetration Max . | . . . . . . Secondary Targets 1 | . . . 1 . . Max Gunslinging Chain 1 | . . . 1 . . Shots Hit Robots 120 | . 7 73 5 1 34 Core Hits 103 | . 4 51 7 1 40 Critical Kills . | . . . . . . Critical Parts Destroyed . | . . . . . . Critical Strikes 5 | . 1 2 . . 2 Burn 3 | . 1 2 . . . Blast 2 | . . . . . 2 Melee Attacks 26 | . . 24 . . 2 Impact 25 | . . 24 . . 1 Slashing 1 | . . . . . 1 Piercing . | . . . . . . Sneak Attacks . | . . . . . . Combat Hostiles . | . . . . . . Follow-up Attacks . | . . . . . . Damage Inflicted 2476 | . 90 1433 286 33 634 Guns 1459 | . 90 857 19 . 493 Cannons 125 | . . . . . 125 Explosions 630 | . . 330 267 33 . Melee 246 | . . 246 . . . Ramming 16 | . . . . . 16 Kinetic 499 | . . 145 . . 354 Thermal 1058 | . 90 694 10 . 264 Explosive 630 | . . 330 267 33 . Electromagnetic 27 | . . 18 9 . . Impact 246 | . . 246 . . . Slashing . | . . . . . . Piercing . | . . . . . . Highest Corruption 4 | . . . . . 4 Average Corruption 4 | . . . . . 4 Corruption Purged . | . . . . . . Corruption Blocked . | . . . . . . Effects 1 | . . . . . 1 Message Errors 1 | . . . . . 1 Overload Shots . | . . . . . . Overflow Damage 117 | . . 70 46 1 . Projectiles . | . . . . . . Explosions 77 | . . 30 46 1 . Melee 40 | . . 40 . . . Knockbacks 4 | . . 2 . . 2 Impact 2 | . . 2 . . . Kinetic 1 | . . . . . 1 Secondary 1 | . . . . . 1 Self-Inflicted Damage 136 | . . 60 29 41 6 Shots 5 | . . 2 2 1 . Rammed 1 | . . . . . 1 Targets Rammed 2 | . . . . . 2 Kicked . | . . . . . . Crushed 1 | . . . . . 1 Highest Temperature 486 | . 219 486 . . 71 Average Temperature 117 | . 115 142 . . 26 Received Heat Transfer 1085 | . 24 485 . 9 567 Effects 6 | . . 6 . . . Shutdowns 2 | . . 2 . . . Energy Bleed 1 | . . 1 . . . Short Circuit 1 | . . 1 . . . Damage (major) 2 | . . 2 . . . Siege Activations . | . . . . . . Robots Corrupted 1 | . . 1 . . . Combat Hostiles . | . . . . . . Parts Fried 3 | . . 3 . . . Impact Corruptions 2 | . . 2 . . . Robots Melted 1 | . . 1 . . . Combat Hostiles 1 | . . 1 . . . Parts Melted 9 | . 2 7 . . . Heat Transferred 2176 | . 333 1523 10 . 310 Parts Sabotaged . | . . . . . . Parts Stolen . | . . . . . . Parts Stripped . | . . . . . . Power Chain Reactions . | . . . . . . Alert | -11 -10 -9 -9 -8 -8 ------- Run | Yrd Mat Mat Min Mat Sto Peak Influence 321 | . 65 307 321 184 309 Initial 124 | . . 27 119 124 77 Average 147 | . 15 141 261 169 178 Maximum Alert Level 1 | . . 1 1 . 1 Low Security (%) 69 | 100 100 72 36 100 48 Level 1 30 | . . 27 63 . 51 Level 2 . | . . . . . . Level 3 . | . . . . . . Level 4 . | . . . . . . Level 5 . | . . . . . . High Security . | . . . . . . Max Security . | . . . . . . Squads Dispatched 6 | . 2 . . . 4 Investigation 2 | . 1 . . . 1 Extermination . | . . . . . . Reinforcement 2 | . 1 . . . 1 Assault 2 | . . . . . 2 Garrison . | . . . . . . Intercept . | . . . . . . Searches Triggered . | . . . . . . Construction Impeded . | . . . . . . Haulers Reinforced . | . . . . . . Active Scanning Responses . | . . . . . . Cargo Convoy Interrupts . | . . . . . . Stealth | -11 -10 -9 -9 -8 -8 --------- Run | Yrd Mat Mat Min Mat Sto Distress Signals 3 | . 1 1 . . 1 Communications Jammed . | . . . . . . Distress Signals . | . . . . . . Times Spotted 74 | . 3 29 9 2 31 Peak Tracking Total 12 | . 2 6 4 2 12 Tactical Retreats 5 | . . 2 1 . 2 Traps | -11 -10 -9 -9 -8 -8 ------- Run | Yrd Mat Mat Min Mat Sto Traps Triggered 3 | . 1 1 . . 1 Indirectly . | . . . . . . Trap Hack Attempts . | . . . . . . Triggered . | . . . . . . Disarmed . | . . . . . . Reprogrammed . | . . . . . . Reused . | . . . . . . Traps Extracted . | . . . . . . Installed . | . . . . . . Triggered . | . . . . . . Machines | -11 -10 -9 -9 -8 -8 ---------- Run | Yrd Mat Mat Min Mat Sto Machines Disabled . | . . . . . . Max in Single Turn . | . . . . . . Machines Repaired . | . . . . . . Machines Dismantled . | . . . . . . Machines Sabotaged . | . . . . . . Overloaded Fab Kills . | . . . . . . Hacking | -11 -10 -9 -9 -8 -8 --------- Run | Yrd Mat Mat Min Mat Sto Machines Accessed 11 | . . 5 . 1 5 Terminals 10 | . . 4 . 1 5 Fabricators . | . . . . . . Repair Stations . | . . . . . . Recycling Units 1 | . . 1 . . . Scanalyzers . | . . . . . . Garrison Access . | . . . . . . Total Hacks 23 | . . 7 . 5 11 Successful 10 | . . 5 . 1 4 Failed 13 | . . 2 . 4 7 Catastrophic 1 | . . 1 . . . Database Lockouts . | . . . . . . Manual 11 | . . 3 . 3 5 Terminals 22 | . . 6 . 5 11 Fabricators . | . . . . . . Repair Stations . | . . . . . . Recycling Units 1 | . . 1 . . . Scanalyzers . | . . . . . . Garrison Access . | . . . . . . Terminal Hacks 6 | . . 3 . 1 2 Record 1 | . . 1 . . . Open Door 1 | . . . . . 1 Alert Level 2 | . . 1 . 1 . Unreport Threat 1 | . . 1 . . . Recall Investigation 1 | . . . . . 1 Fabricator Hacks . | . . . . . . Repair Station Hacks . | . . . . . . Recycling Unit Hacks 1 | . . 1 . . . Report Inventory 1 | . . 1 . . . Scanalyzer . | . . . . . . Garrison Access Hacks . | . . . . . . Unauthorized Hacks 3 | . . 1 . . 2 Terminals 3 | . . 1 . . 2 Assimilate 1 | . . . . . 1 Botnet 2 | . . 1 . . 1 Fabricators . | . . . . . . Repair Stations . | . . . . . . Recycling Units . | . . . . . . Scanalyzers . | . . . . . . Garrison Access . | . . . . . . Data Cores Recovered 1 | . . . . . 1 Used . | . . . . . . Hacking Detections 9 | . . 4 . 1 4 Full Trace Events 1 | . . . . . 1 Feedback Events . | . . . . . . Feedback Blocked . | . . . . . . Robot Schematics Acquired . | . . . . . . Robots Built . | . . . . . . Authchips . | . . . . . . Time . | . . . . . . Total Robot Build Rating . | . . . . . . Part Schematics Acquired . | . . . . . . Parts Built . | . . . . . . Authchips . | . . . . . . Time . | . . . . . . Total Part Build Rating . | . . . . . . Parts Repaired . | . . . . . . Time . | . . . . . . Parts Recycled . | . . . . . . Recycled Matter . | . . . . . . Retrieved Matter . | . . . . . . Retrieved Components . | . . . . . . Parts Scanalyzed . | . . . . . . Part Schematics Acquired . | . . . . . . Parts Damaged . | . . . . . . Bothacking | -11 -10 -9 -9 -8 -8 ------------ Run | Yrd Mat Mat Min Mat Sto Used RIF Installer . | . . . . . . Robots Hacked . | . . . . . . Non-combat . | . . . . . . Combat . | . . . . . . Robot Hacks Applied . | . . . . . . Relay Couplers Released . | . . . . . . Fabnet Peak Effective % . | . . . . . . Robots Rewired . | . . . . . . Allies Hacked . | . . . . . . Hacks Repelled . | . . . . . . Allies | -11 -10 -9 -9 -8 -8 -------- Run | Yrd Mat Mat Min Mat Sto Total Allies 3 | . . . 1 . 2 Largest Group 3 | . . . 1 1 3 Highest-Rated Group 93 | . . . 31 31 93 Highest-Rated Ally 31 | . . . 31 31 31 Total Orders . | . . . . . . Ally Attacks 24 | . . . . 3 21 Total Damage 399 | . . . . 61 338 Kills 3 | . . . . 2 1 Allies Corrupted . | . . . . . . Allies Melted 1 | . . . . . 1 Intel | -11 -10 -9 -9 -8 -8 ------- Run | Yrd Mat Mat Min Mat Sto Robot Analysis Total . | . . . . . . Derelict Logs Recovered 1 | . . . 1 . . Drone Launches . | . . . . . . Drone Recoveries . | . . . . . . Exploration | -11 -10 -9 -9 -8 -8 ------------- Run | Yrd Mat Mat Min Mat Sto Turns Passed 1478 | 64 131 746 177 86 274 Spaces Moved 1104 | 47 124 504 97 91 241 Core 32 | 8 . . . . 24 Treads 260 | . . 102 97 16 45 Legs 99 | . . 90 . . 9 Wheels 173 | 39 124 10 . . . Hover 302 | . . 302 . . . Flight 238 | . . . . 75 163 Fastest Speed 34 | 50 90 52 160 34 34 Average Speed 89 | 99 90 89 160 60 70 Slowest Speed 200 | 200 90 200 160 160 160 Overloaded Moves . | . . . . . . Propulsion Burnouts . | . . . . . . Robots Hopped . | . . . . . . Cave-ins Triggered . | . . . . . . Exploration Rate (%) 30 | 4 37 58 30 9 45 Regions Visited 5 Branch Regions 2 Pre-discovered Areas . | . . . . . . Known Exits Taken . | . . . . . . Unknown Exits Taken 5 | 1 1 1 1 1 . Scrap Searched . | . . . . . . Spaces Dug 12 | . . 11 . . 1 Terrain Destroyed 116 | . . 61 46 8 1 Melee 12 | . . 11 . . 1 Projectile . | . . . . . . AOE 104 | . . 50 46 8 . Terrain Rammed . | . . . . . . Walls Destroyed . | . . . . . . Machines Disabled . | . . . . . . Actions | -11 -10 -9 -9 -8 -8 --------- Run | Yrd Mat Mat Min Mat Sto Total 1402 | 63 133 674 109 119 304 Wait 41 | . . 24 . 13 4 Move 1099 | 46 123 503 96 90 241 Hop . | . . . . . . Pick Up 38 | 12 1 14 4 3 4 Fast Attach 20 | . 3 8 . 1 8 Attach 20 | 4 . 10 1 4 1 Detach 1 | . . 1 . . . Swap 26 | 1 . 13 1 3 8 Drop 33 | . 1 18 . 4 10 Fire 96 | . 5 59 7 1 24 Melee 26 | . . 24 . . 2 Ram 1 | . . . . . 1 Kick . | . . . . . . Crush 1 | . . . . . 1 Escape Stasis . | . . . . . . Rewire . | . . . . . . Trap . | . . . . . . Miscellaneous . | . . . . . . Route ------- -11/Scrapyard -10/Materials -9/Materials (discovered 2 exits: *Mat / [*Min]) -9/Mines -8/Materials (discovered 2 exits: Fac / *Sto) -8/Storage History --------- Turn | Location | Event 28 | -11/Scrapyard | Discovered new exit (range 14) 65 | -11/Scrapyard | Entered Materials 181 | -10/Materials | Discovered new exit (range 15) 196 | -10/Materials | Entered another Materials area 196 | -9/Materials | Evolved 2 slots: Propulsion x1, Utility x1 341 | -9/Materials | Build established: Mutant 761 | -9/Materials | Lost 5 parts (3n1u1w) 836 | -9/Materials | Discovered new exit (range 10) 865 | -9/Materials | Core integrity fell below 50% 909 | -9/Materials | Discovered new exit (range 11) 942 | -9/Materials | Entered Mines 1080 | -9/Mines | Learned 8 Materials zone layouts 1103 | -9/Mines | Discovered new exit (range 10) 1104 | -9/Mines | Received a Mining Laser from a helpful Derelict 1119 | -9/Mines | Entered Materials 1119 | -8/Materials | Accompanied by 1 ally 1119 | -8/Materials | Evolved 2 slots: Propulsion x1, Utility x1 1120 | -8/Materials | Identified exit to Factory 1133 | -8/Materials | Discovered new exit (range 13) 1205 | -8/Materials | Entered Storage 1205 | -8/Storage | Accompanied by 1 ally 1252 | -8/Storage | Met a pair of Derelict thieves 1461 | -8/Storage | Core integrity fell below 50% 1461 | -8/Storage | Released all parts (2) 1465 | -8/Storage | Core integrity fell below 20% 1479 | -8/Storage | Destroyed by G-50 Soldier with Heavy Laser Last Messages --------------- 01450_ Hacking Suite destroyed. 01451_ M-28 Smith repairs Y-45 Defender. 01453_ Acquired Rnf. Ion Engine. 01454_ Critical hit (Burn: +37). 01455_ Seismic Detector destroyed. 01456_ Spread Laser destroyed. 01459_ M-28 Smith repairs G-47 Trooper. 01460_ Triggered Ambush Trap. 01460_ B-36 Bruiser emerges from a hatch in the floor. 01460_ S-10 Pest emerges from a hatch in the floor. 01460_ Lgt. Treads destroyed. 01460_ System corrupted by crushing effect (+4). 01461_ Released Imp. Heat Sink. 01461_ Released Rnf. Ion Engine. 01462_ U-05 Engineer lays Concrete. 01464_ Slammed into M-28 Smith. 01467_ Acquired 117 matter. 01472_ Acquired Axe. 01475_ Acquired VTOL Module. 01477_ V|AZ JNFJ7D0CRR7E8EGDSO1H4#>#F7KXDWCTN Map ----- +----------------------------------------------------+ | ???????????######?????????????????????????????? | | ???######### !!#?????????????????????????????? | | ???# !!! "[=!!#?????????????????????????????? | | ???# !!! #!= !#?????????????????????????????? | | ???#^ !! #T####????????????????????????#????? | | ???# ##########????????????????#### ????? | | ???# ### = #??????####???#### ????? | | ???# # /!#??????# ???? # ????? | | ???# %+] %#??????# "???" # """ # | | ???# #! =#??????# "???" # """ # | | ???###"T"## # !%!#??????# ???"" # ! # | | ?????#"""?# # [ #??????# "???" # """ # | | ?????####?# ####+########## "???" # """ # | | ??????????# %% + """"" # """ # | | ??????????# # #?? ?? | | ???????##?# ########+######+#### | | ???????#T## | | ???????" + | | ???????" # = | | ???????" ### #####T###############/#########/# | | ???????# #?# #???###????????????#!%=????# # | | ???????####?# ##########?????????#"%"????# T | | ????????????# # #?????????# " ????##" "# | | ????????????# # #?????????# !????#! | | ????????????# # ##????????# ????# ] | | ????????????# # @;#????????# ????#[ [ | | ????????????# # |##????????#% ????#[[ ] | | ????????????#%# % #?????????# ????###### | | ?????########/# #?????????# ?????????? | | ?????# =# #?????????# ?????????? | | ?????# ]]!%% #sg #?????????# ?????????? | | ?????# *][![ =#g###s######+#??????????????????? | | ?????# !]!!%* # ???????????????? | | ?????# %=%+ u ???????????????? | | ?????# %! # ???????????????? | | ?????# "Y" ### ###########+????????????????? | | ?????# """ #?# #???????????????????????????? | | ????# #?#+#???????????????????????????? | | ????###########???????????????????????????????? | | ??????????????????????????????????????????????? | | ??????????????????????????????????????????????? | | ??????????????????????????????????????????????? | | ??????????????????????????????????????????????? | | ??????????????????????????????????????????????? | | ??????????????????????????????????????????????? | | ??????????????????????????????????????????????? | | ??????????????????????????????????????????????? | | ??????????????????????????????????????????????? | | ??????????????????????????????????????????????? | | ??????????????????????????????????????????????? | +----------------------------------------------------+ Best States ------------- Heat Dissipation 45 Energy Generation 14 Energy Capacity 265 Matter Stores 300 Matter Capacity 300 Sight Range 16 Terrain Scan Density 10 Additional Mass Support 9 Armor Coverage 150 Evasion (%) 63 Recoil Reduction 2 Offensive Hacking 10 Item Schematics ----------------- None Robot Schematics ------------------ None Fabricated ------------ Nothing Alien Tech Used ----------------- None Achievements -------------- None Challenges ------------ None Game ------ Seed MakeshiftMagneticLauncher Manual? 0 Play Time 00:31:50 Cumulative 178.7 hours Start 2024.10.10 @ 15:14:56 End 2024.10.10 @ 15:52:17 Sessions 1 Manual Loads 0 Difficulty Rogue Special Mode None Game No. 243 Rogue 243 Adventurer 0 Explorer 0 Win Type - Total 0 Types 0/0/0/0/0/0/0/0/0 Lore% 32 Gallery% 62 Achievement% 41 Wizard Run 0 Options --------- Layout 0 ASCII 0 Keyboard 0 Movement Mouse Keybinds 0 Fullscreen 1 Font 24/Smallcaps Map View 76x50 Zoom Use 0% Tactical HUD 1 Map Filters NONE Filters NONE Steam 1 RUN: f84b73b1-8c49-466e-a9cd-dff69d1e5ecd